 Dungeon Crawl Stone Soup version 0.27.0-1-g7a089689b8 (webtiles) character file.

Game seed: 16987817022444522314

102 Smaepdii the Grasshopper (level 4, -3/36 HPs)
             Began as a Palentonga Warper on Aug 15, 2021.
             Killed by nerve-wracking pain
             ... invoked by an orc priest
              (6 damage)
             ... on level 3 of the Dungeon.
             The game lasted 00:11:21 (3302 turns).

Smaepdii the Grasshopper (Palentonga Warper)        Turns: 3302, Time: 00:11:21

Health: -3/36      AC:  4    Str: 14    XL:     4   Next: 49%
Magic:  6/7        EV:  9    Int: 14    God:
Gold:   13         SH:  0    Dex: 10    Spells: 5/7 levels left

rFire    . . .     SeeInvis +   m - +2 dagger (holy)
rCold    . . .     Faith    .   (no shield)
rNeg     . . .     Spirit   .   b - +0 leather armour
rPois    .         Reflect  .   (no helmet)
rElec    .         Harm     .   (no cloak)
rCorr    .         Rampage  .   (no gloves)
Will     .....                  (no barding)
Stlth    +.........             (no amulet)
HPRegen  0.12/turn              (no ring)
MPRegen  0.10/turn              (no ring)

@: no status effects
A: large, rugged brown scales 3, see invisible, deformed body, roll 1, armoured
tail
a: Rolling Charge


You were on level 3 of the Dungeon.
You visited 1 branch of the dungeon, and saw 3 of its levels.

You collected 65 gold pieces.
You spent 52 gold pieces at shops.

Inventory:

Hand Weapons
 a - a +0 hand axe
 m - a +2 dagger of holy wrath (weapon)
 n - a +0 hand axe of distortion
Missiles
 d - 5 boomerangs of dispersal
 k - 20 poisoned darts (quivered)
Armour
 b - a +0 leather armour (worn)
 u - a +0 kite shield
Scrolls
 c - a scroll of blinking
 f - a scroll of enchant weapon {unknown}
 g - 6 scrolls of identify
 i - 4 scrolls of teleportation {unknown}
 j - 2 scrolls of magic mapping {unknown}
 o - 2 scrolls of fog {unknown}
 t - a scroll of summoning {unknown}
Potions
 e - 2 potions of heal wounds {unknown}
 h - a potion of berserk rage {unknown}
 l - a potion of curing {unknown}
 p - a potion of magic {unknown}
 q - a potion of attraction {unknown}
 r - 2 potions of brilliance {unknown}
 s - a potion of resistance {unknown}


   Skills:
 + Level 2.7 Fighting
 * Level 3.3 Axes
 - Level 0.6 Throwing
 - Level 0.7 Armour
 + Level 2.2 Dodging
 + Level 0.0 Shields
 - Level 2.0 Spellcasting
 + Level 3.5 Translocations


You had 5 spell levels left.
You knew the following spells:

 Your Spells              Type           Power      Damage    Failure   Level
a - Blink                 Tloc           N/A        N/A       11%         2

Your spell library contained the following spells:

 Spells                   Type           Power      Damage    Failure   Level
 Gell's Gravitas          Tloc           5%         N/A       21%         3
 Lesser Beckoning         Tloc           5%         N/A       21%         3
 Teleport Other           Tloc           11%        N/A       21%         3
 Corona                   Hex            1%         N/A       30%         1
 Ensorcelled Hibernation  Hex/Ice        2%         N/A       41%         2
 Tukima's Dance           Hex            1%         N/A       65%         3
 Manifold Assault         Tloc           11%        N/A       88%         5


Dungeon Overview and Level Annotations

Branches:
Dungeon (3/15)

Altars:
Ashenzari

Shops:
D:3 ?


Innate Abilities, Weirdness & Mutations

You are completely covered in rugged brown scales. (AC +3, +7% HP)
You have supernaturally acute eyesight. (SInv)
Armour fits poorly on your strangely shaped body.
You can roll at nearby foes to attack.
You have a long armoured tail.


Message History

You hit the orc.
Your tail-slap misses the orc.
The orc is severely wounded.
The orc priest misses you. The orc closely misses you.
You hit the orc priest.
The orc priest is moderately wounded.
The orc priest calls upon Beogh to heal the orc.
The orc's wounds heal themselves!
The orc hits you with a +0 hand axe.
You barely miss the orc priest.
The orc priest is moderately wounded.
The orc priest hits you with a +0 whip. The orc hits you with a +0 hand axe.
You barely miss the orc priest.
The orc priest is moderately wounded.
The orc priest hits you but does no damage.
The orc hits you with a +0 hand axe.
You completely miss the orc priest.
Your tail-slap misses the orc priest.
The orc priest is moderately wounded.
The orc priest closely misses you. The orc hits you but does no damage.
The orc wizard casts a spell.
The orc wizard flickers and vanishes for a moment.
You closely miss the orc priest.
The orc priest is moderately wounded.
The orc priest hits you with a +0 whip. The orc hits you but does no damage.
You hit the orc priest.
The orc priest is heavily wounded.
The orc priest invokes the aid of Beogh against you.
Beogh smites you! The orc hits you but does no damage.
You hit the orc priest.
The orc priest is severely wounded.
The orc priest hits you with a +0 whip.
* * * LOW HITPOINT WARNING * * *
The orc hits you with a +0 hand axe.
* * * LOW HITPOINT WARNING * * *
Casting: Blink (safe; 11% risk of failure)
Confirm with . or Enter, or press ? or * to list all spells.
You blink.
The orc priest hits you with a +0 whip.
* * * LOW HITPOINT WARNING * * *
The orc priest invokes the aid of Beogh against you.
Pain shoots through your body!
You die...

#.# #.# #.# #.#
#####.####### #.#
#.........[.# #.#
#.#.#.#.###.# #.#
#.#.#.#.# #.# #.#
..#.#.#.# #.# #.#
####.#.#.# #.# #.# .#
#.#.#.###@####.#
.#######.#.†..........#
..........##.###o######
.....###..##.# #o#
.....'∩#..##.###o#######
.###.###.###........ooo#
.##.#..#####...).#####)#
...###...........#####.#
###.#..####..)....o....#


You could see an orc priest, an orc wizard (invisible) and an orc.

Vanquished Creatures
  4 adders
  3 worms (D:2)
  A dart slug (D:3)
  An orc (D:3)
  A bat (D:2)
  7 endoplasms
  A giant cockroach (D:2)
  A hobgoblin (D:1)
  7 jackals
  4 kobolds
  7 quokkas
  4 ball pythons (D:2)
  2 frilled lizards (D:2)
  3 goblins (D:2)
  4 rats
50 creatures vanquished.

Notes
Turn   | Place    | Note
-------+----------+-------------------------------------------
     0 | D:1      | Smaepdii the Palentonga Warper began the quest for the Orb.
     0 | D:1      | Reached XP level 1. HP: 17/17 MP: 3/3
   604 | D:1      | Reached XP level 2. HP: 14/23 MP: 5/5
  1719 | D:2      | Reached XP level 3. HP: 20/29 MP: 6/6
  1733 | D:2      | Learned a level 2 spell: Blink
  2684 | D:2      | Reached XP level 4. HP: 32/36 MP: 7/7
  3075 | D:3      | Found Gacu's Magic Scroll Emporium.
  3138 | D:3      | Bought a scroll of identify for 26 gold pieces
  3138 | D:3      | Bought a scroll of identify for 26 gold pieces
  3224 | D:3      | Found a broken altar of Ashenzari.
  3302 | D:3      | Killed from afar by an orc priest

Illustrated notes

Levels and vault maps discovered:
D:1:      lightli_iron_boxes, layout_loops_ring, ebering_dispersal_statue_hall
D:2:      layout_basic, minmay_octomino_c4
D:3:      layout_loops_ring, lemuel_doored_altar, serial_shops,
          nicolae_shop_window_shopping, hex_tiny

Skill      XL: |  1  2  3 |
---------------+----------+-----
Dodging        | 2 |  2.2
Axes           | 3 |  3.3
Fighting       | |  2.7
Throwing       | |  0.6
Armour         | |  0.7
Spellcasting   | |  2.0
Translocations | |  3.5

Action                   |  1- 3 |  4- 6 || total
-------------------------+-------+-------++-------
Melee: Hand axe          |    98 |       ||    98
       Tailslap          |     9 |     2 ||    11
       Dagger            |    34 |    53 ||    87
Throw: Dart              |    29 |     8 ||    37
 Cast: Blink             |       |     1 ||     1
 Abil: Rolling Charge    |     6 |     1 ||     7
Armor: Leather armour    |    31 |    22 ||    53
Dodge: Dodged            |    64 |    24 ||    88
